 Dungeon Crawl Stone Soup version 0.30-a0-358-g0d69a1922f (webtiles) character file.

Game seed: 9693743296009925316

10 mopl the Sneak (level 2, -3/27 HPs)
             Began as a Hill Orc Delver on Nov 9, 2022.
             Slain by a gnoll
             ... wielding a +0 flail
              (12 damage)
             ... on level 3 of the Dungeon.
             The game lasted 00:00:17 (77 turns).

mopl the Sneak (Hill Orc Delver)                      Turns: 77, Time: 00:00:18

Health: -3/27      AC:  3    Str: 14    XL:     2   Next: 20%
Magic:  2/2        EV: 11    Int: 10    God:
Gold:   0          SH:  0    Dex: 12    Spells: 1/1 levels left

rFire   . . .      SeeInvis .    a - +0 hand axe
rCold   . . .      Faith    .    (no shield)
rNeg    . . .      Spirit   .    b - +0 leather armour
rPois   .          Reflect  .    (no helmet)
rElec   .          Harm     .    (no cloak)
rCorr   .          Rampage  .    (no gloves)
Will    .....                    (no boots)
Stlth   ++........               (no amulet)
HPRegen 0.24/turn                (no ring)
MPRegen 0.08/turn                (no ring)

@: no status effects
A: no striking features
a: no special abilities


You were on level 3 of the Dungeon.
You visited 1 branch of the dungeon, and saw 3 of its levels.

Inventory:

Hand Weapons
 a - a +0 hand axe (weapon)
Armour
 b - a +0 leather armour (worn)
Wands
 g - a wand of digging (3)
Scrolls
 c - a scroll of fog
 d - a scroll of magic mapping
 e - a scroll of fear
Potions
 f - a potion of haste


   Skills:
 + Level 3.7 Fighting
 * Level 3.1 Axes
 + Level 0.4 Armour
 + Level 1.7 Dodging
 - Level 4.1 Stealth
 + Level 0.5 Evocations


You had one spell level left.
You didn't know any spells.
Your spell library was empty.

Dungeon Overview and Level Annotations

Branches:
Dungeon (5/15)
 Temple: D:4-7

Altars:


Message History

Found a stone staircase leading up.
There is a stone staircase leading up here.
You climb upwards.
There is a stone staircase leading down here.
Found a long sword.
Found an escape hatch in the ceiling.
Found a stone staircase leading down.
There is an escape hatch in the ceiling here.
A mysterious force pulls you upwards. The hatch slams shut behind you.
The kobold shouts!
You hear a shout! x3; The kobold shouts!
Found a robe. 2 gnolls come into view.
The gnoll moves out of view.
A gnoll comes into view. It is wielding a +0 flail.
You hit the kobold.
The kobold is moderately wounded.
The kobold barely misses you.
You barely miss the kobold.
The kobold is moderately wounded.
You hit the kobold. The kobold barely misses you. x2
A gnoll comes into view. It is wielding a +0 flail.
The gnoll shouts!
You hit the kobold.
You kill the kobold!
You hit the gnoll. You hit the kobold.
You kill the kobold!
The gnoll hits you with a +0 club. The gnoll attacks as you move away!
The gnoll hits you with a +0 club.
Things that are here:
a +0 short sword; 4 stones; a kobold corpse The gnoll attacks as you move away!
The gnoll hits you with a +0 club.
You hit the gnoll.
The gnoll is heavily wounded.
The gnoll barely misses you.
You hit the gnoll.
You kill the gnoll!
The gnoll hits you with a +0 flail!
Your Axes skill increases to level 3!
You have reached level 2!
The gnoll attacks as you move away! The gnoll hits you with a +0 flail!
You die...

#...[.###.....
#..g..........
#............#
##..)).....#.#
##..####.##
#g.# ...
###g.# ...
#.g..# ###
#@#.## #.#.#
#.#.# #.#.#
#.#.# #.#..
#.### ...


You could see 3 gnolls.

Vanquished Creatures
  A gnoll (D:3)
  2 kobolds (D:3)
3 creatures vanquished.

Notes
Turn   | Place    | Note
-------+----------+-------------------------------------------
     0 | D:5      | mopl the Hill Orc Delver began the quest for the Orb.
     0 | D:5      | Reached XP level 1. HP: 19/19 MP: 1/1
    77 | D:3      | Reached skill level 3 in Axes
    77 | D:3      | Reached XP level 2. HP: 9/27 MP: 2/2
    77 | D:3      | Slain by a gnoll

Illustrated notes

Levels and vault maps discovered:
D:3:      layout_loops_ring, mainiacjoe_overflow_24_doors, uniq_grinder
D:4:      layout_layer_cave, amcnicky_altar_gilded, lemuel_tele_altar,
          zin_treasury, led_sif_book, minmay_temple_entry_statues_pillars,
          serial_bayou, serial_bayou_pond_e, serial_bayou_ford_a,
          serial_bayou_pond_b, serial_bayou_pond_d, serial_bayou_pond_c,
          serial_bayou_crossing, kennysheep_generic_room_6
D:5:      layout_basic, grunt_temple_overflow_octagram,
          nzn_wu_jian_council_hall, kennysheep_diamond

Skill      XL: |  1 |
---------------+----+-----
Axes           | 3 |  3.1
Fighting       | |  3.7
Armour         | |  0.4
Dodging        | |  1.7
Stealth        | |  4.1
Evocations     | |  0.5

Action                   || total
-------------------------++-------
Melee: Hand axe          ||     5
Dodge: Dodged            ||     4

Table legend: (Time is in decaauts)
 A = Elapsed time spent in this place.
 B = Non-inter-level travel time spent in this place.
 C = Inter-level travel time spent in this place.
 D = Time resting spent in this place.
 E = Time spent auto-exploring this place.
 F = Levels seen in this place.
 G = Mean time per level.
                   A        B        C        D        E       F      G
               +--------+--------+--------+--------+--------+-----+--------+
         Total |     77 |     77 |      0 |      0 |     53 |   3 |   25.7 |
       Dungeon |     77 |     77 |      0 |      0 |     53 |   3 |   25.7 |
               +--------+--------+--------+--------+--------+-----+--------+

Top non-repeatable levels by time:
     D:5: 50 daAuts
     D:4: 13 daAuts
     D:3: 13 daAuts
